 Dungeon Crawl Stone Soup version 0.27.0-1-g7a089689b8 (webtiles) character file.

Game seed: 15043411884197013966

72 sasquatch the Chopper (level 4, 0/39 HPs)
             Began as a Hill Orc Fighter on Aug 1, 2021.
             Killed from afar by an orc wizard (7 damage)
             ... with a magic dart
             ... on level 3 of the Dungeon.
             The game lasted 00:02:13 (2350 turns).

sasquatch the Chopper (Hill Orc Fighter)            Turns: 2350, Time: 00:02:13

Health: 0/39       AC:  6    Str: 19    XL:     4   Next: 25%
Magic:  4/4        EV:  7    Int:  8    God:
Gold:   102        SH:  9    Dex: 10    Spells: 3/3 levels left

rFire    . . .     SeeInvis .   a - +0 war axe
rCold    . . .     Faith    .   c - +0 kite shield
rNeg     . . .     Spirit   .   b - +0 scale mail
rPois    .         Reflect  .   (no helmet)
rElec    .         Harm     .   (no cloak)
rCorr    .         Rampage  .   (no gloves)
Will     .....                  (no boots)
Stlth    ..........             (no amulet)
HPRegen  0.13/turn              (no ring)
MPRegen  0.09/turn              (no ring)

@: no status effects
A: no striking features
a: no special abilities


You were on level 3 of the Dungeon.
You visited 1 branch of the dungeon, and saw 3 of its levels.

You collected 102 gold pieces.

Inventory:

Hand Weapons
 a - a +0 war axe (weapon)
Armour
 b - a +0 scale mail (worn)
 c - a +0 kite shield (worn)
 e - a +0 chain mail
 o - a +0 plate armour
Jewellery
 n - a ring of magical power
 r - a ring of resist corrosion
Scrolls
 f - a scroll of enchant weapon {unknown}
 g - a scroll of amnesia {unknown}
 i - 4 scrolls of immolation {unknown}
 m - 2 scrolls of identify {unknown}
Potions
 d - a potion of might
 h - a potion of heal wounds {unknown}
 j - a potion of ambrosia {unknown}
 k - a potion of haste {unknown}
 l - a potion of degeneration {unknown}
 p - a potion of curing {unknown}
 q - a potion of brilliance {unknown}


   Skills:
 - Level 3.6 Fighting
 + Level 5.8 Axes
 - Level 3.2 Armour
 - Level 3.2 Shields


You had 3 spell levels left.
You didn't know any spells.
Your spell library contained the following spells:

 Spells                   Type           Power      Damage    Failure   Level
 Shock                    Conj/Air       0%         1d3       99%         1
 Swiftness                Air            0%         N/A       100%        3
 Airstrike                Air            0%         N/A       100%        4


Dungeon Overview and Level Annotations

Branches:
Dungeon (3/15)

Altars:
Yredelemnul


Message History

You are too confused!
You are too confused!
You are too confused!
You are too confused!
You are too confused!
You are too confused!
You are too confused!
You are too confused!
You are too confused!
You are too confused!
You bump into the rock wall.
Something hits you.
You are too confused!
You barely miss something. Something hits you but does no damage.
You bump into the rock wall.
Something hits you.
You bump into the rock wall.
You hear some strange, mumbled words.
Something tries to affect you, but you resist.
You completely miss something.
You feel less confused. Something hits you. x2
You closely miss something. Something hits you but does no damage.
You barely miss something. Something hits you but does no damage.
You hear some strange, mumbled words.
A magic dart appears from out of thin air!
The magic dart hits you.
You slash something! Something hits you.
You completely miss something. Something hits you.
You miss something. Something hits you.
You hear some strange, mumbled words.
Something tries to affect you, but you resist.
You hit something. Something hits you.
You closely miss something. Something hits you.
* * * LOW HITPOINT WARNING * * *
Something hits you.
* * * LOW HITPOINT WARNING * * *
You miss something.
You hear some strange, mumbled words.
A magic dart appears from out of thin air!
The magic dart hits you!
You die...

#......... .._. #......>..
... .# #......... #.#
..######.......). ######.##
..................##........
........o.o.................
..........r...... #........
.........###########........
.)......oo{@................
........############........
#.......# #......##
#.......##### #......##
#...........# #......##
###########.# #......##
#.### ######### #...### #
#.##..###


You could see 2 orcs.

Vanquished Creatures
  2 adders (D:3)
  A worm (D:2)
  2 dart slugs
  5 orcs (D:3)
  5 ball pythons
  2 bats (D:1)
  4 endoplasms
  3 giant cockroaches
  A goblin (D:2)
  2 hobgoblins (D:1)
  2 kobolds (D:1)
  2 quokkas (D:1)
  4 frilled lizards
  3 rats
38 creatures vanquished.

Notes
Turn   | Place    | Note
-------+----------+-------------------------------------------
     0 | D:1      | sasquatch the Hill Orc Fighter began the quest for the Orb.
     0 | D:1      | Reached XP level 1. HP: 19/19 MP: 1/1
    32 | D:1      | Reached skill level 3 in Axes
   268 | D:1      | Reached XP level 2. HP: 25/26 MP: 2/2
   590 | D:1      | Reached skill level 4 in Axes
   817 | D:1      | Reached XP level 3. HP: 31/31 MP: 3/3
  1252 | D:2      | Reached skill level 5 in Axes
  1291 | D:2      | Found a faded altar of an unknown god.
  1994 | D:3      | Reached XP level 4. HP: 23/39 MP: 4/4
  2202 | D:3      | Found a basalt altar of Yredelemnul.
  2350 | D:3      | Killed from afar by an orc wizard

Illustrated notes

Levels and vault maps discovered:
D:1:      saegor_arrival_simple_a, layout_rooms, chequers_serial_rivers_marsh,
          minmay_3d_cube
D:2:      layout_basic, shapermc_ecumenical_altar_mp_ritualfount
D:3:      layout_basic, mainiacjoe_overflow_alcove_2, grunt_decor_clamped

Skill      XL: |  1  2  3 |
---------------+----------+-----
Axes           | 3 4 5 |  5.8
Fighting       | |  3.6
Armour         | |  3.2
Shields        | |  3.2

Action                   |  1- 3 |  4- 6 || total
-------------------------+-------+-------++-------
Melee: War axe           |   136 |    32 ||   168
Armor: Scale mail        |    58 |    16 ||    74
Dodge: Dodged            |    49 |     5 ||    54
Block: Kite shield       |    72 |    11 ||    83
